[Event "Titled Tuesday Blitz June 15 2021"]
[White "Toncheva, Nadya"]
[Black "Ponkratov, Pavel"]
[WhiteFideId "2924056"]
[BlackFideId "4157800"]
[WhiteElo "1920"]
[BlackElo "2636"]
[Result "0-1"]
[Round "04"]
[TimeControl "180+1"]
[Date "2021.06.15"]
[WhiteClock "0:00:04"]
[BlackClock "0:00:23"]

1. d4 c5 2. d5 e5 3. c4 h5 4. Nc3 h4 5. e4 d6 6. h3 Nf6 7. Bd3 Be7 8. Nf3 Nh5 9. Bc2 a6 10. a3 Nd7 11. Be3 Nf8 12. b4 b6 13. bxc5 bxc5 14. Ba4+ Bd7 15. Rb1 Ra7 16. Nxe5 dxe5 17. d6 Qa5 18. dxe7 Qxc3+ 19. Bd2 Qxc4 20. exf8=Q+ Kxf8 21. Rb8+ Ke7 22. Rxh8 Bxa4 23. Qe2 Qxe2+ 24. Kxe2 g6 25. Rc1 Bb5+ 26. Ke1 Rc7 27. Bg5+ Ke6 28. Bxh4 Nf4 29. Kd2 Rd7+ 30. Kc2 Bd3+ 31. Kb2 Rb7+ 32. Ka1 Bxe4 33. Re8+ Kd6 34. Rd8+ Ke6 35. Rxc5 f6 36. Bg3 Nxg2 37. Re8+ Kf7 38. Rec8 Rb3 39. R5c7+ Ke6 40. Ka2 Bd5 41. Re8+ Kf5 42. Ka1 Rxa3+ 43. Kb2 Rb3+ 44. Kc2 Rb6 45. Rc5 Be4+ 46. Kd2 Rb2+ 47. Kc3 Rc2+ 48. Kb4 Rxc5 49. Kxc5 Ne1 50. Kb6 Bd3 51. Rd8 Bb5 52. Rd6 Nf3 53. Rd8 g5 54. Rf8 Kg6 55. Rg8+ Kf7 56. Rh8 Bf1 57. h4 gxh4 58. Bxh4 Kg6 59. Bxf6 e4 60. Bd8 Bd3 61. Rf8 Kg7 62. Rf4 Kg6 63. Kc5 Nd2 64. Kd4 Nb3+ 65. Ke3 Na1 66. Rf8 Nc2+ 67. Kd2 Nd4 68. f4 Nf5 69. Rg8+ Kf7 70. Rg1 Bb5 71. Ra1 e3+ 72. Ke1 Nd4 73. Bb6 Nc2+ 74. Kd1 Nxa1 75. Bxe3 Nb3 76. Bb6 Ke6 77. Kc2 Ba4 78. Kc3 Nc1 79. Kb4 Bb5 80. Be3 Nd3+ 81. Ka5 Ne1 82. Kb4 Nc2+ 83. Kc3 Nxe3 84. Kb2 Nf5 85. Ka3 Kd5 86. Kb4 Ke4 87. Ka3 Kxf4 0-1


[Site "https://www.chess.com"]

[Event "Titled Tuesday Blitz June 15 2021"]
[White "Tristan, Leonardo"]
[Black "Steven_Rojas"]
[WhiteFideId "113816"]
[WhiteElo "2404"]
[BlackElo "2515"]
[Result "1-0"]
[Round "04"]
[TimeControl "180+1"]
[Date "2021.06.15"]
[WhiteClock "0:00:11"]
[BlackClock "0:00:03"]

1. d4 d5 2. Bf4 Nf6 3. e3 e6 4. Nf3 Bd6 5. Bg3 O-O 6. c4 c6 7. Nc3 b6 8. Qc2 Bb7 9. O-O-O Qe7 10. Bd3 Nbd7 11. Rhe1 Rfd8 12. e4 dxe4 13. Nxe4 Nxe4 14. Rxe4 Nf8 15. Bh4 f6 16. Ree1 Qf7 17. c5 Bf4+ 18. Kb1 Rd7 19. Bg3 Bc7 20. Be4 Rad8 21. Rc1 Rc8 22. Bd3 Rcd8 23. Bc4 Re8 24. Re2 b5 25. Bb3 Rde7 26. Rce1 Bc8 27. Ka1 Bxg3 28. hxg3 a5 29. a3 a4 30. Ba2 g5 31. g4 Kg7 32. Rh1 Ng6 33. g3 Qf8 34. Bb1 Qg8 35. Ree1 Bd7 36. Rh5 Rd8 37. Reh1 Be8 38. Qc3 Kf8 39. d5 e5 40. d6 Rg7 41. Bf5 Qd5 42. Rxh7 Rxh7 43. Rxh7 Qd1+ 44. Ka2 Rd7 45. Bxd7 Qd5+ 46. Kb1 Qd1+ 47. Qc1 Qxf3 48. Bxe8 Kxe8 49. Qc2 Qh1+ 50. Rxh1 1-0


[Site "https://www.chess.com"]

[Event "Titled Tuesday Blitz June 15 2021"]
[White "Tsaruk, Maksim"]
[Black "Eternauta2400"]
[WhiteFideId "13511173"]
[WhiteElo "2197"]
[BlackElo "2487"]
[Result "0-1"]
[Round "04"]
[TimeControl "180+1"]
[Date "2021.06.15"]
[WhiteClock "0:00:03"]
[BlackClock "0:00:50"]

1. Nf3 d5 2. c4 e6 3. d4 Nf6 4. g3 Bb4+ 5. Nbd2 Bd6 6. Bg2 O-O 7. O-O c6 8. b3 a5 9. Bb2 a4 10. bxa4 Qa5 11. Qb3 Qxa4 12. Ne1 Nbd7 13. Nd3 b5 14. cxb5 cxb5 15. e4 dxe4 16. Nxe4 Nxe4 17. Bxe4 Rb8 18. Bc6 Nf6 19. Qxa4 bxa4 20. Bxa4 Ba6 21. Bc2 Bxd3 22. Bxd3 Rxb2 23. a4 Ra8 24. a5 Ra7 25. a6 Nd5 26. Rfc1 Kf8 27. Rc8+ Ke7 28. Be4 f5 29. Bf3 Rb6 30. Be2 Nc7 31. Rg8 Kf7 32. Rd8 Nxa6 33. Bc4 Be7 34. Rc8 Rc7 35. Rxc7 Nxc7 36. Ra7 Nd5 37. Kg2 Rb4 38. Ba2 Rxd4 39. h4 h6 40. Kf3 g5 41. hxg5 hxg5 42. Rb7 Kf6 43. Kg2 Rd2 44. Bc4 Bc5 45. Kh1 Rxf2 46. Rb8 Rc2 47. Bd3 Rc3 48. Bb5 Rxg3 49. Bc6 Nf4 50. Kh2 Rh3# 0-1


[Site "https://www.chess.com"]

[Event "Titled Tuesday Blitz June 15 2021"]
[White "Ulziikhishigjargal, Ochirkhuyag"]
[Black "Bluebaum, Matthias"]
[WhiteFideId "4903188"]
[BlackFideId "24651516"]
[WhiteElo "1836"]
[BlackElo "2685"]
[Result "0-1"]
[Round "04"]
[TimeControl "180+1"]
[Date "2021.06.15"]
[WhiteClock "0:00:19"]
[BlackClock "0:00:19"]

1. d4 Nf6 2. Nf3 d5 3. Bf4 c5 4. e3 Nc6 5. c3 Qb6 6. Qb3 c4 7. Qc2 Bf5 8. Qc1 Nh5 9. Bg3 f6 10. Be2 e5 11. O-O Nxg3 12. fxg3 Be6 13. Nbd2 Be7 14. b3 cxb3 15. axb3 O-O 16. Kh1 Rac8 17. Qb2 a5 18. Nh4 f5 19. c4 Bxh4 20. cxd5 Bxd5 21. gxh4 exd4 22. Bc4 Rcd8 23. Bxd5+ Rxd5 24. Nc4 Qd8 25. exd4 Qxh4 26. Ne3 Qxd4 27. Qxd4 Rxd4 28. Nxf5 Rd5 29. Ne3 Rxf1+ 30. Nxf1 Rd3 31. Rb1 Nd4 32. b4 a4 33. Rc1 b5 34. h4 h6 35. h5 Kh7 36. Kh2 a3 37. Rc7 Rb3 38. Ra7 Nc6 39. Ra8 Nxb4 40. Ng3 a2 41. Ne4 Rb1 42. Ra7 a1=Q 43. Nf6+ Qxf6 0-1


[Site "https://www.chess.com"]

[Event "Titled Tuesday Blitz June 15 2021"]
[White "Vaishali, Rameshbabu"]
[Black "Devaev, Alexander"]
[WhiteFideId "5091756"]
[BlackFideId "4169395"]
[WhiteElo "2313"]
[BlackElo "2185"]
[Result "1-0"]
[Round "04"]
[TimeControl "180+1"]
[Date "2021.06.15"]
[WhiteClock "0:00:06"]
[BlackClock "0:00:03"]

1. d4 Nf6 2. Bf4 e6 3. e3 c5 4. Nf3 b6 5. Nbd2 Bb7 6. Nc4 Ne4 7. Bd3 f5 8. Bxe4 Bxe4 9. Nd6+ Bxd6 10. Bxd6 cxd4 11. Qxd4 Rg8 12. Ne5 Nc6 13. Nxc6 Bxc6 14. O-O-O Qf6 15. Be5 Qe7 16. Bd6 Qf6 17. Qd3 Bxg2 18. Rhg1 Bf3 19. Rd2 Kf7 20. Qa3 a6 21. Be5 Qe7 22. Qa4 b5 23. Qf4 Bc6 24. f3 Rac8 25. Rdg2 g6 26. h4 Bd5 27. Qh6 Ke8 28. Qf4 Qc5 29. b3 Qa3+ 30. Kb1 a5 31. Bd6 b4 32. Qg5 Rg7 33. Qf6 Rf7 34. Qh8+ Rf8 35. Qxf8# 1-0


[Site "https://www.chess.com"]

[Event "Titled Tuesday Blitz June 15 2021"]
[White "Vokhidov, Shamsiddin"]
[Black "Potapova, Margarita"]
[WhiteFideId "14204223"]
[BlackFideId "14126869"]
[WhiteElo "2848"]
[BlackElo "2564"]
[Result "1-0"]
[Round "04"]
[TimeControl "180+1"]
[Date "2021.06.15"]
[WhiteClock "0:01:17"]
[BlackClock "0:00:08"]

1. e4 c5 2. Nc3 d6 3. Nf3 Nf6 4. d4 cxd4 5. Nxd4 a6 6. h3 e5 7. Nde2 b5 8. Ng3 Nbd7 9. Bg5 h6 10. Bxf6 Nxf6 11. Nh5 Be6 12. Nxf6+ Qxf6 13. a4 bxa4 14. Rxa4 Be7 15. Nd5 Bxd5 16. Qxd5 O-O 17. Rxa6 Rab8 18. b3 Qf4 19. Ra1 Rfc8 20. Bc4 Rc5 21. Qd3 Kh8 22. O-O f5 23. Bd5 fxe4 24. Bxe4 Bf6 25. Qxd6 Rcc8 26. Ra4 Rd8 27. Qe6 Rd4 28. Rxd4 exd4 29. g3 Qe5 30. Qxe5 Bxe5 31. Bd3 Bd6 32. Re1 Bb4 33. Re4 Rd8 34. Re6 Kg8 35. Bg6 Kf8 36. Kf1 Be7 37. Ke2 Rd6 38. Rxd6 Bxd6 39. Kd3 Bc5 40. Kc4 Ba7 41. Kd5 Ke7 42. Kc6 Kd8 43. b4 Kc8 44. b5 d3 45. Bxd3 Bxf2 46. g4 Kb8 47. c4 Kc8 48. c5 Kb8 49. b6 Kc8 50. Kb5 Kb8 51. c6 Bg3 52. Bf5 Bf4 53. Kc4 Be5 54. Kd5 Bf4 55. Ke6 g5 56. Kd7 1-0


[Site "https://www.chess.com"]

[Event "Titled Tuesday Blitz June 15 2021"]
[White "Willow, Jonah B"]
[Black "Matlakov, Maxim"]
[WhiteFideId "438804"]
[BlackFideId "4168003"]
[WhiteElo "2261"]
[BlackElo "2760"]
[Result "0-1"]
[Round "04"]
[TimeControl "180+1"]
[Date "2021.06.15"]
[WhiteClock "0:01:24"]
[BlackClock "0:01:55"]

1. e4 c5 2. Nf3 d6 3. d4 cxd4 4. Qxd4 Nc6 5. Bb5 a6 6. Bxc6+ bxc6 7. c4 e5 8. Qd3 Ne7 9. Nc3 Ng6 10. O-O Be7 11. Rd1 O-O 12. b3 Be6 13. Be3 f5 14. exf5 Bxf5 15. Qd2 Bg4 16. Ne4 Rxf3 17. gxf3 Bxf3 18. Nxd6 Qd7 19. Kf1 Qg4 20. Qc2 Bxd6 21. Rxd6 Qg2+ 22. Ke1 Qg1+ 23. Kd2 Qxa1 0-1


[Site "https://www.chess.com"]

[Event "Titled Tuesday Blitz June 15 2021"]
[White "Willychess95"]
[Black "Indjic, Aleksandar"]
[BlackFideId "911925"]
[WhiteElo "2570"]
[BlackElo "2897"]
[Result "0-1"]
[Round "04"]
[TimeControl "180+1"]
[Date "2021.06.15"]
[WhiteClock "0:00:44"]
[BlackClock "0:01:19"]

1. e4 e6 2. Nf3 d5 3. e5 c5 4. b4 d4 5. c3 Nc6 6. b5 Nce7 7. Bd3 Ng6 8. O-O Nf4 9. Be4 d3 10. c4 Ne2+ 11. Kh1 f5 12. exf6 Nxf6 13. Ng5 Ng4 14. f3 Nxh2 15. f4 Nxf1 16. Qxf1 Ng3+ 0-1


[Site "https://www.chess.com"]

[Event "Titled Tuesday Blitz June 15 2021"]
[White "Yanchenko, Roman"]
[Black "Howell, David W L"]
[WhiteFideId "4137329"]
[BlackFideId "410608"]
[WhiteElo "2514"]
[BlackElo "2643"]
[Result "1/2-1/2"]
[Round "04"]
[TimeControl "180+1"]
[Date "2021.06.15"]
[WhiteClock "0:00:36"]
[BlackClock "0:00:11"]

1. d4 d5 2. c4 dxc4 3. Nc3 a6 4. e3 b5 5. a4 b4 6. Qf3 Ra7 7. Bxc4 e6 8. Nd1 Bb7 9. Qh3 Nd7 10. Nf3 Ngf6 11. O-O Bd6 12. b3 O-O 13. Nb2 a5 14. Bd3 Ne4 15. Nc4 f5 16. Bb2 Rf6 17. Nxd6 cxd6 18. Qh4 Qf8 19. Rfc1 Bd5 20. Bxe4 fxe4 21. Nd2 Rh6 22. Qf4 Rf6 23. Qh4 Rh6 24. Qf4 Rf6 25. Qh4 1/2-1/2


[Site "https://www.chess.com"]

[Event "Titled Tuesday Blitz June 15 2021"]
[White "Yaran, Siar"]
[Black "Marczuk, Dominik"]
[WhiteFideId "6323006"]
[BlackFideId "1111264"]
[WhiteElo "1977"]
[BlackElo "2028"]
[Result "1-0"]
[Round "04"]
[TimeControl "180+1"]
[Date "2021.06.15"]
[WhiteClock "0:00:13"]
[BlackClock "0:00:14"]

1. e4 c5 2. Nf3 d6 3. d4 cxd4 4. Nxd4 Nf6 5. Nc3 a6 6. Bg5 Nbd7 7. Bc4 e6 8. O-O Be7 9. Bxe6 fxe6 10. Nxe6 Qa5 11. Nxg7+ Kf7 12. Nf5 Bf8 13. Re1 h6 14. Bf4 Ne5 15. Nxd6+ Bxd6 16. Qxd6 Nc4 17. Qd4 Be6 18. Rad1 Rhd8 19. Nd5 Bxd5 20. exd5 Qxd5 21. Qxd5+ Rxd5 22. Rxd5 Nxd5 23. Bc1 Rd8 24. b3 Nd6 25. c4 Nf6 26. Bxh6 Nde4 27. Be3 Nc3 28. a3 Nce4 29. f3 Nd6 30. Kf2 Nf5 31. Bc1 Rd3 32. b4 Nd4 33. c5 Nd5 34. h4 Nc3 35. Bg5 Nd1+ 36. Kg3 Rd2 37. Re7+ Kf8 38. Rxb7 Ra2 39. h5 Ne2+ 40. Kg4 Nf2+ 41. Kf5 Ng3+ 42. Kg6 Re2 43. Rb8+ Re8 44. Rxe8+ Kxe8 45. Bh4 Nxh5 46. Bxf2 1-0


[Site "https://www.chess.com"]

[Event "Titled Tuesday Blitz June 15 2021"]
[White "Yoo, Christopher Woojin"]
[Black "De Silva, L M S T"]
[WhiteFideId "30909694"]
[BlackFideId "9953698"]
[WhiteElo "2009"]
[BlackElo "1621"]
[Result "1-0"]
[Round "04"]
[TimeControl "180+1"]
[Date "2021.06.15"]
[WhiteClock "0:01:21"]
[BlackClock "0:01:04"]

1. e4 e5 2. Nf3 Nc6 3. Bc4 Nf6 4. d4 exd4 5. e5 d5 6. Bb5 Ne4 7. Nxd4 Bd7 8. Bxc6 bxc6 9. O-O Bc5 10. f3 Ng5 11. Be3 Bb6 12. f4 Ne4 13. Nd2 Nxd2 14. Qxd2 c5 15. Nf3 d4 16. Bf2 O-O 17. Bh4 Qe8 18. a4 a5 19. b3 Bf5 20. h3 c4 21. Kh2 c3 22. Qe2 c5 23. g4 Bd7 24. f5 f6 25. Rae1 fxe5 26. Nxe5 Bc7 27. Qc4+ Kh8 28. Qxc5 Qb8 29. Bg3 Bxe5 30. Bxe5 Qb7 31. Bxg7+ Kxg7 32. Re7+ Kg8 33. Qc4+ 1-0


[Site "https://www.chess.com"]

[Event "Titled Tuesday Blitz June 15 2021"]
[White "Zhuravlev, Alexey"]
[Black "Klimkowski, Jan"]
[WhiteFideId "4164199"]
[BlackFideId "21856222"]
[WhiteElo "2437"]
[BlackElo "1903"]
[Result "1-0"]
[Round "04"]
[TimeControl "180+1"]
[Date "2021.06.15"]
[WhiteClock "0:00:41"]
[BlackClock "0:00:13"]

1. e4 c5 2. Nc3 a6 3. a4 e6 4. g3 d5 5. d3 d4 6. Nce2 e5 7. Bg2 Nc6 8. f4 Nf6 9. Nf3 Bd6 10. fxe5 Nxe5 11. Nxe5 Bxe5 12. O-O Bg4 13. Qe1 Bxe2 14. Qxe2 Qd6 15. Bf4 g6 16. Bh6 Kd8 17. a5 Kc7 18. Rab1 Rhe8 19. Bh3 Rad8 20. b4 cxb4 21. Qd2 Re7 22. Rxb4 Kb8 23. Bg5 Rc7 24. Rb6 Rc6 25. Qf2 Rxb6 26. axb6 Nh5 27. Bxd8 Qxd8 28. Qxf7 Bd6 29. Qxh7 Qxb6 30. Qxg6 Qc5 31. Rf5 Nf4 32. Qg8+ Qc8 33. Qxc8+ Kxc8 34. gxf4 Kc7 35. e5 Bb4 36. e6 a5 37. Rb5 b6 38. Rxb4 axb4 39. e7 1-0


[Site "https://www.chess.com"]

[Event "Titled Tuesday Blitz June 15 2021"]
[White "deribas12345"]
[Black "Ozen, Bahadir"]
[BlackFideId "6337058"]
[WhiteElo "2529"]
[BlackElo "2503"]
[Result "0-1"]
[Round "04"]
[TimeControl "180+1"]
[Date "2021.06.15"]
[WhiteClock "0:00:08"]
[BlackClock "0:00:09"]

1. d4 d5 2. c4 c6 3. Nc3 Nf6 4. Nf3 e6 5. e3 Nbd7 6. Be2 Bd6 7. O-O O-O 8. Qc2 dxc4 9. Bxc4 b5 10. Be2 Bb7 11. Rd1 Qb8 12. e4 e5 13. dxe5 Nxe5 14. Nxe5 Bxe5 15. g3 Re8 16. Be3 a6 17. a3 c5 18. Nd5 Nxd5 19. exd5 c4 20. Rab1 Qd6 21. Bf3 Rad8 22. a4 h6 23. axb5 axb5 24. Qf5 Qf6 25. Qxf6 Bxf6 26. Bb6 Rd7 27. Bg4 Rxd5 28. Rxd5 Bxd5 29. Rd1 Bc6 30. Ba5 Bxb2 31. Rd6 Ra8 32. Rxc6 Rxa5 33. h4 g6 34. h5 Kg7 35. hxg6 fxg6 36. Kg2 Bd4 37. f4 Ra2+ 38. Kf3 Ra3+ 39. Ke4 Bf6 40. Rc7+ Kf8 41. Kd5 Rxg3 42. Be6 Rd3+ 43. Kc5 Be7+ 44. Kxb5 c3 45. Rc8+ Kg7 46. Bc4 Rd4 47. Bb3 Rb4+ 48. Ka5 Rxb3 49. Rc7 Kf6 50. Ka4 Rb6 51. Rxc3 Re6 52. Rc5 Bxc5 53. Kb5 Kf5 54. Kc4 g5 55. Kd5 gxf4 56. Kc4 h5 57. Kb5 h4 58. Kc4 h3 59. Kd5 h2 60. Kc4 f3 0-1


[Site "https://www.chess.com"]

[Event "Titled Tuesday Blitz June 15 2021"]
[White "elcandado"]
[Black "Eljanov, Pavel"]
[BlackFideId "14102951"]
[WhiteElo "2658"]
[BlackElo "2842"]
[Result "0-1"]
[Round "04"]
[TimeControl "180+1"]
[Date "2021.06.15"]
[WhiteClock "0:00:03"]
[BlackClock "0:00:04"]

1. d4 d5 2. Bf4 Nf6 3. e3 e6 4. Nd2 Bd6 5. Bg3 O-O 6. Bd3 c5 7. c3 Qb6 8. Rb1 Nbd7 9. Ngf3 Qc7 10. e4 dxe4 11. Bxe4 h6 12. Qe2 cxd4 13. Nxd4 Bxg3 14. hxg3 Nc5 15. O-O Ncxe4 16. Nxe4 Nxe4 17. Qxe4 Bd7 18. Rfd1 Rfd8 19. Rd2 Bc6 20. Qe2 Bd5 21. Nb3 a5 22. Rbd1 b6 23. Qb5 Rd6 24. Nd4 Rad8 25. Qa4 Bb7 26. Nb3 Rxd2 27. Rxd2 Rxd2 28. Nxd2 Qd8 29. Nf3 g5 30. Qc4 Kg7 31. Qd4+ Qxd4 32. Nxd4 Kf6 33. g4 Ke5 34. f3 f5 35. gxf5 exf5 36. Kf2 h5 37. g3 f4 38. Ne2 fxg3+ 39. Kxg3 h4+ 40. Kg4 Kf6 41. Nd4 Bc8+ 42. Kh5 h3 43. Ne2 h2 44. Ng3 Bf5 45. b3 b5 46. a3 a4 47. bxa4 bxa4 48. Kh6 Bh3 0-1


[Site "https://www.chess.com"]

[Event "Titled Tuesday Blitz June 15 2021"]
[White "shnitez"]
[Black "Maze, Sebastien"]
[BlackFideId "613762"]
[WhiteElo "2505"]
[BlackElo "2462"]
[Result "1/2-1/2"]
[Round "04"]
[TimeControl "180+1"]
[Date "2021.06.15"]
[WhiteClock "0:00:07"]
[BlackClock "0:00:13"]

1. e4 Nf6 2. e5 Nd5 3. d4 d6 4. Nf3 g6 5. Bc4 c6 6. h3 Bg7 7. Qe2 O-O 8. O-O Nd7 9. Re1 a5 10. exd6 exd6 11. Bxd5 cxd5 12. Nc3 Nf6 13. Bg5 Be6 14. Qb5 a4 15. Nxd5 Bxd5 16. Bxf6 Bc6 17. Bxd8 Bxb5 18. Be7 Rfc8 19. Rac1 Bc6 20. c3 Bxf3 21. gxf3 Ra6 22. a3 f6 23. Re6 d5 24. Rxa6 bxa6 25. Re1 Re8 26. Kf1 Kf7 27. Bb4 Rxe1+ 28. Kxe1 Ke6 29. Ke2 h5 30. Kd3 g5 31. c4 f5 32. cxd5+ Kxd5 33. Bc5 g4 34. fxg4 fxg4 35. hxg4 h4 36. Ke3 Bh6+ 37. Kf3 Bc1 38. Kg2 Bg5 39. Kh3 Ke4 40. Bb6 Bf6 41. Bc5 Kf3 42. d5 Ke4 43. d6 Kd5 44. Bb4 a5 45. Bxa5 Kxd6 46. Bc3 Bg5 47. f4 Bxf4 48. Kxh4 Ke6 49. g5 Kf5 50. Bf6 Kg6 51. Kg4 Bc1 52. Kf3 Bxb2 53. Bxb2 Kxg5 54. Ke4 Kg6 55. Kd5 Kf7 56. Be5 Ke8 57. Kc6 Kd8 58. Kb7 Kd7 59. Bh2 Kd8 60. Kb6 Kc8 61. Bc7 Kd7 62. Kb7 Ke7 63. Kc6 Ke6 64. Bh2 Ke7 65. Bg3 Ke8 66. Bf4 Ke7 67. Bg3 Ke8 68. Bd6 Kd8 69. Kb7 Kd7 70. Bc7 Ke7 71. Kc8 Ke6 72. Bg3 Kd5 73. Kc7 Kc5 74. Bd6+ Kb5 75. Kb7 Kc4 76. Bb4 Kd5 77. Kb6 Ke6 78. Be1 Kd7 79. Bg3 Kc8 80. Bh2 Kd7 81. Kb5 Kc8 82. Kc6 Kd8 83. Bd6 Kc8 84. Be5 Kd8 85. Kb7 Kd7 86. Bc7 1/2-1/2


[Site "https://www.chess.com"]

[Event "Titled Tuesday Blitz June 15 2021"]
[White "Abdusattorov, Nodirbek"]
[Black "Maly, Alexey"]
[WhiteFideId "14204118"]
[BlackFideId "14103184"]
[WhiteElo "2662"]
[BlackElo "2285"]
[Result "1-0"]
[Round "05"]
[TimeControl "180+1"]
[Date "2021.06.15"]
[WhiteClock "0:00:06"]
[BlackClock "0:00:01"]

1. d4 d5 2. c4 dxc4 3. Nf3 Nf6 4. e3 e6 5. Bxc4 a6 6. O-O b5 7. Nbd2 bxc4 8. Nxc4 Be7 9. b3 O-O 10. Ba3 Bxa3 11. Nxa3 Nbd7 12. Rc1 Bb7 13. Ne1 a5 14. Nd3 Ba6 15. Nc4 a4 16. bxa4 Bxc4 17. Rxc4 Nb6 18. Rc6 Nxa4 19. Qc2 Nb6 20. Rc1 Qd5 21. Nb4 Qb5 22. Nd3 Nbd5 23. h3 Nb4 24. Nxb4 Qxb4 25. Rxc7 Qa3 26. Ra1 Nd5 27. Rc4 h6 28. Qd2 Rfc8 29. Rxc8+ Rxc8 30. Rb1 Nc3 31. Rb2 Ne4 32. Qe2 Rc1+ 33. Kh2 Qd6+ 34. g3 Ng5 35. f3 Qd5 36. Kg2 Nxf3 37. e4 Qh5 38. a4 Rg1+ 39. Kf2 Rh1 40. Ke3 Rh2 41. Rb8+ Kh7 42. Qxf3 Qa5 43. Qf1 Qd2+ 44. Kf3 Qc3+ 45. Kg4 Kg6 46. Rb5 Qe3 47. Qf3 Qd2 48. h4 h5+ 49. Rxh5 Rg2 50. Rg5+ Kh7 51. Kh3 Kg8 52. Kg4 Qc2 53. Rc5 Rf2 54. Rxc2 Rxf3 55. Kxf3 f5 56. a5 fxe4+ 57. Kxe4 1-0


[Site "https://www.chess.com"]

[Event "Titled Tuesday Blitz June 15 2021"]
[White "Aitbayev, Aslan"]
[Black "Titus, Andrew"]
[WhiteFideId "13704613"]
[BlackFideId "2059770"]
[WhiteElo "2417"]
[BlackElo "2044"]
[Result "1-0"]
[Round "05"]
[TimeControl "180+1"]
[Date "2021.06.15"]
[WhiteClock "0:00:06"]
[BlackClock "0:00:04"]

1. e4 c5 2. Nf3 d6 3. d4 cxd4 4. Nxd4 Nf6 5. Nc3 a6 6. Be3 e6 7. g4 h6 8. Bg2 Nbd7 9. f4 g5 10. fxg5 hxg5 11. Bxg5 Be7 12. Qe2 Ne5 13. O-O-O Nfxg4 14. Bxe7 Qxe7 15. Kb1 Bd7 16. h3 Nf6 17. Nf3 Bc6 18. Rhf1 O-O-O 19. Qe3 Nfd7 20. Qa7 Nxf3 21. Rxf3 Kc7 22. Qf2 Ne5 23. Rg3 Rdg8 24. Rxg8 Rxg8 25. Bf1 Qg5 26. a4 Qg3 27. Qd4 Nd7 28. a5 Qe5 29. Qf2 Rg7 30. Qd2 Nc5 31. Bd3 Rh7 32. Qf2 Nd7 33. h4 Qxa5 34. e5 Rh5 35. exd6+ Kb8 36. Qxf7 Rxh4 37. Qxe6 Qe5 38. Qg8+ Ka7 39. Qg1+ Qc5 40. Qxc5+ Nxc5 41. Bf5 Rh8 42. b4 Nd7 43. Nd5 Rd8 44. Ne7 Nb6 45. Nxc6+ bxc6 46. Be6 Kb7 47. c4 c5 48. bxc5 Na4 49. Bd5+ Ka7 50. Kc2 Nxc5 51. Bf3 a5 52. Kc3 Kb6 53. Rb1+ Ka7 54. Rb5 Na4+ 55. Kb3 Nb6 56. c5 Nd7 57. Rxa5+ 1-0


[Site "https://www.chess.com"]

[Event "Titled Tuesday Blitz June 15 2021"]
[White "Alavkin, Arseny"]
[Black "Cunjalo, Faris"]
[WhiteFideId "4120612"]
[BlackFideId "14410710"]
[WhiteElo "2401"]
[BlackElo "2234"]
[Result "1/2-1/2"]
[Round "05"]
[TimeControl "180+1"]
[Date "2021.06.15"]
[WhiteClock "0:01:34"]
[BlackClock "0:00:05"]

1. e4 c6 2. d4 d5 3. exd5 cxd5 4. Bd3 Nc6 5. c3 Qc7 6. Na3 a6 7. Nc2 Nf6 8. h3 g6 9. Ne2 Bg7 10. Bf4 Qb6 11. Rb1 O-O 12. Ne3 Re8 13. O-O Bd7 14. Qb3 Qxb3 15. axb3 e5 16. dxe5 Nxe5 17. Bxe5 Rxe5 18. b4 Bh6 19. Nc2 Bf5 20. Bxf5 Rxe2 21. Bd3 Re7 22. Rfe1 Rae8 23. Kf1 Kf8 24. Rxe7 Rxe7 25. Re1 Ne4 26. Bxe4 dxe4 27. Rd1 Ke8 28. Ke2 f5 29. Nd4 Rd7 30. Nb3 Rxd1 31. Kxd1 b6 32. f3 exf3 33. gxf3 Kd7 34. Ke2 Bf4 35. Nd4 Be5 36. Nc2 g5 37. Ne1 h5 38. Nd3 Ke6 39. Ke3 Bh2 40. c4 Bg1+ 41. Ke2 Bd4 42. b3 h4 43. Ne1 Bc3 44. Nd3 Bd4 45. Ne1 Kd6 46. Nd3 Kc6 47. Ne1 Bc3 48. Nd3 Kd6 49. Ke3 Ke6 50. Ke2 Kf6 51. Ke3 Ke7 52. Ke2 Bd4 53. Ne1 b5 54. Nd3 Kd6 55. Kf1 Ke6 56. Ke2 Kd6 57. Ne1 Kc6 58. Nd3 Kd7 59. Kf1 Ke6 60. Kg2 Kd6 61. Kf1 Ke6 1/2-1/2


[Site "https://www.chess.com"]

[Event "Titled Tuesday Blitz June 15 2021"]
[White "Alekseenko, Kirill"]
[Black "Goryachkina, Aleksandra"]
[WhiteFideId "4135539"]
[BlackFideId "4147103"]
[WhiteElo "2580"]
[BlackElo "2441"]
[Result "1-0"]
[Round "05"]
[TimeControl "180+1"]
[Date "2021.06.15"]
[WhiteClock "0:00:28"]
[BlackClock "0:00:01"]

1. Nc3 c5 2. e4 e6 3. g3 d5 4. Bg2 Nf6 5. d3 dxe4 6. Nxe4 Nxe4 7. Bxe4 Nd7 8. Bg2 Bd6 9. Ne2 O-O 10. O-O Rb8 11. Nc3 a6 12. d4 cxd4 13. Qxd4 Be5 14. Qe3 b5 15. Ne4 Nf6 16. c3 Bb7 17. Re1 Nxe4 18. Bxe4 Bxe4 19. Qxe4 Bc7 20. a4 Qf6 21. axb5 axb5 22. Be3 Bb6 23. Bf4 Rbc8 24. Ra6 Bc5 25. Ra5 b4 26. Rxc5 Rxc5 27. Bd6 Rcc8 28. Bxf8 bxc3 29. Ba3 cxb2 30. Qb7 Qc3 31. Rb1 h6 32. Bxb2 Qc6 33. Qb3 Qe4 34. Rf1 Qc4 35. Qe3 Qb5 36. Ba1 Qd5 37. h4 Rc4 38. Re1 Rc6 39. Qe2 Rc4 40. Qb2 f6 41. Qb8+ Kh7 42. Qb1+ 1-0


[Site "https://www.chess.com"]

[Event "Titled Tuesday Blitz June 15 2021"]
[White "Andreikin, Dmitry"]
[Black "Har-Zvi, Ronen"]
[WhiteFideId "4158814"]
[BlackFideId "2801485"]
[WhiteElo "2782"]
[BlackElo "2523"]
[Result "1/2-1/2"]
[Round "05"]
[TimeControl "180+1"]
[Date "2021.06.15"]
[WhiteClock "0:00:04"]
[BlackClock "0:00:15"]

1. d4 d5 2. c4 c6 3. cxd5 cxd5 4. Bg5 Nc6 5. Nc3 Nf6 6. Bxf6 gxf6 7. e3 f5 8. Nge2 e6 9. Nf4 Bd6 10. Bb5 Bd7 11. O-O Qf6 12. Bxc6 Bxc6 13. Rc1 O-O 14. Nce2 Bb5 15. Re1 Bxe2 16. Rxe2 Rfc8 17. Rec2 Qd8 18. g3 Bxf4 19. exf4 Rxc2 20. Qxc2 Qd7 21. Qc7 Rd8 22. Kg2 f6 23. Rc3 Kf7 24. Qa5 b6 25. Qa6 Rb8 26. a4 Rb7 27. a5 bxa5 28. Qxa5 Kg6 29. b3 Rb5 30. Qa2 Qb7 31. Qc2 Qb6 32. Rc8 Qb7 33. Rc7 Qb6 34. Rd7 Qb8 35. Qc6 Rb6 36. Qc5 Rb7 37. Rd6 Rb5 38. Qa3 Rxb3 39. Qc5 Rb5 40. Qa3 Rb1 41. Rxe6 Qb5 42. Kh3 Qf1+ 43. Kh4 Qg2 44. h3 Rh1 45. Rxf6+ Kxf6 46. Qd6+ Kf7 47. Qd7+ Kf6 48. Qd6+ Kf7 49. Qd7+ Kf6 50. Qd6+ 1/2-1/2


[Site "https://www.chess.com"]

[Event "Titled Tuesday Blitz June 15 2021"]
[White "Aradhya, Garg"]
[Black "Xiong, Jeffery"]
[WhiteFideId "25006746"]
[BlackFideId "2047640"]
[WhiteElo "2146"]
[BlackElo "2724"]
[Result "0-1"]
[Round "05"]
[TimeControl "180+1"]
[Date "2021.06.15"]
[WhiteClock "0:00:17"]
[BlackClock "0:00:51"]

1. d4 d5 2. c4 c6 3. Nc3 Nf6 4. Nf3 dxc4 5. e4 b5 6. Be2 g6 7. O-O Bg7 8. a4 b4 9. e5 Nd5 10. Ne4 c3 11. bxc3 Bf5 12. Ng3 Nxc3 13. Nxf5 gxf5 14. Qc2 Nxe2+ 15. Qxe2 Qd5 16. a5 Nd7 17. Bd2 b3 18. Rab1 Rb8 19. Bc3 O-O 20. Rb2 c5 21. dxc5 Nxc5 22. Qe3 Na4 23. Rd2 Qe4 24. Bd4 b2 25. Qxe4 fxe4 26. Bxb2 Rxb2 27. Rxb2 Nxb2 28. Nd2 e3 29. fxe3 Bxe5 30. Rc1 Rd8 31. Nf3 Bf6 32. Rc7 a6 33. e4 Nd3 34. Ra7 Rd6 35. Kf1 Kf8 36. g3 Ne5 37. Nxe5 Bxe5 38. Ke2 Bc3 39. Ra8+ Kg7 40. e5 Bxe5 0-1


[Site "https://www.chess.com"]

[Event "Titled Tuesday Blitz June 15 2021"]
[White "Araujo Sanchez, Josue"]
[Black "Perez Perez, Gabriel"]
[WhiteFideId "6416896"]
[BlackFideId "32089147"]
[WhiteElo "2140"]
[BlackElo "2037"]
[Result "1-0"]
[Round "05"]
[TimeControl "180+1"]
[Date "2021.06.15"]
[WhiteClock "0:01:01"]
[BlackClock "0:00:02"]

1. d4 Nf6 2. c4 g6 3. Nc3 d5 4. cxd5 Nxd5 5. f3 Bg7 6. e4 Nxc3 7. bxc3 c5 8. Be3 O-O 9. Rb1 Nc6 10. Ne2 Qc7 11. h4 Rd8 12. h5 cxd4 13. cxd4 Qa5+ 14. Kf2 Qxa2 15. hxg6 hxg6 16. Ra1 Qb2 17. Rb1 Qa2 18. d5 Ne5 19. Bd4 e6 20. Kg3 exd5 21. Nc3 Qa5 22. Rb5 Qa3 23. Rxd5 Be6 24. Rxe5 Bxe5+ 25. Bxe5 f6 26. Rh8+ Kxh8 27. Bxf6+ Kg8 28. Bxd8 Qxc3 29. Qd6 Bf7 30. Bf6 Qe1+ 31. Kg4 Qxf1 32. Qh2 Kf8 33. Qh8+ Bg8 34. Qg7+ 1-0


[Site "https://www.chess.com"]